 Dungeon Crawl Stone Soup version 0.30.1-9-gdf580d7c3d (webtiles) character file.

Game seed: 3508333268568975603

21371 monsoonserge the Earth Mage (level 12, -1/66 HPs)
             Began as a Gargoyle Earth Elementalist on Sept 29, 2023.
             Was a High Priest of Vehumet.
             Slain by a death yak (8 damage)
             ... on level 1 of the Lair of Beasts.
             The game lasted 01:06:44 (13956 turns).

monsoonserge the Earth Mage (GrEE)                 Turns: 13956, Time: 01:06:46

Health: -1/66      AC: 19    Str: 13    XL:     12   Next: 89%
Magic:  6/24       EV: 13    Int: 26    God:    Vehumet [*****.]
Gold:   657        SH:  0    Dex: 10    Spells: 5/28 levels left

rFire   + . .        Q - staff of conjuration
rCold   . . .        (no shield)
rNeg    + . .        P - +0 steam dragon scales
rPois   ∞            t - +2 helmet {SInv}
rElec   +            (no cloak)
rCorr   .            M - +0 pair of gloves
SInv    +            D - +0 pair of boots
Will    .....        (no amulet)
Stlth   ++           a - +6 ring of intelligence
HPRegen 0.31/turn    j - ring of protection from fire
MPRegen 0.19/turn

%: no passive effects
@: no status effects
A: sickness immunity, AC +8, negative energy resistance 1, electricity
resistance, torment resistance 1, petrification resistance
a: Renounce Religion


You were on level 1 of the Lair of Beasts.
You worshipped Vehumet.
Vehumet was extremely pleased with you.
You visited 3 branches of the dungeon, and saw 16 of its levels.
You also visited: Bailey.

You collected 955 gold pieces.
You spent 298 gold pieces at shops.

Inventory:

Hand Weapons
 p - a +2 flail of holy wrath
 y - a +2 vampiric halberd
Missiles
 d - 21 poisoned darts (quivered)
 s - 10 boomerangs
 F - a throwing net
 V - 4 atropa-tipped darts
Armour
 t - a +2 helmet of see invisible (worn)
 v - a +3 scale mail of positive energy
 D - a +0 pair of boots (worn)
 I - a +1 leather armour of fire resistance
 M - a +0 pair of gloves (worn)
 P - +0 steam dragon scales (worn)
 W - a +0 kite shield
Magical Staves
 G - a staff of fire
 Q - a staff of conjuration (weapon)
 X - a staff of earth
Jewellery
 a - a +6 ring of intelligence (left hand)
 e - a ring of resist corrosion
 j - a ring of protection from fire (right hand)
 u - a ring of magical power
 Y - a ring of see invisible
Wands
 B - a wand of charming (11)
 T - a wand of flame (9)
 U - a wand of acid (9)
Scrolls
 h - 2 scrolls of enchant armour {unknown}
 i - a scroll of fear {unknown}
 k - 3 scrolls of brand weapon {unknown}
 m - 2 scrolls of silence {unknown}
 n - 5 scrolls of teleportation
 o - 3 scrolls of immolation {unknown}
 A - 2 scrolls of acquirement {unknown}
 C - a scroll of blinking
 E - a scroll of identify
 H - a scroll of fog {unknown}
 J - 2 scrolls of poison
 K - 2 scrolls of magic mapping {unknown}
 L - a scroll of amnesia {unknown}
 S - a scroll of noise {unknown}
 Z - 3 scrolls of enchant weapon
Potions
 b - 2 potions of magic
 c - a potion of flight {unknown}
 f - 2 potions of resistance
 g - 8 potions of curing
 l - a potion of cancellation
 q - 6 potions of might
 r - 4 potions of mutation
 w - 4 potions of lignification
 x - 7 potions of haste {unknown}
 z - 3 potions of attraction
 O - 2 potions of brilliance
 R - 4 potions of heal wounds {unknown}
Miscellaneous
 N - a box of beasts


   Skills:
 + Level 3.8 Fighting
 + Level 0.5 Short Blades
 + Level 0.4(1.1) Axes
 + Level 1.7(1.8) Maces & Flails
 + Level 0.3 Throwing
 - Level 3.1 Armour
 + Level 4.3 Dodging
 + Level 3.3 Stealth
 * Level 8.6 Spellcasting
 * Level 8.9 Conjurations
 - Level 2.0 Transmutations
 * Level 6.1 Fire Magic
 - Level 16.0 Earth Magic
 - Level 4.0 Evocations


You had 5 spell levels left.
You knew the following spells:

 Your Spells              Type           Power      Damage    Failure   Level
a - Sandblast             Erth           100%       2d20      0%          1
b - Stone Arrow           Conj/Erth      100%       3d13      1%          3
c - Petrify               Tmut/Erth      55%        N/A       1%          4
d - Sticky Flame          Conj/Fire      66%        2d8       1%          4
e - Fireball              Conj/Fire      33%        3d14      1%          5
f - Starburst             Conj/Fire      33%        6d10      11%         6

Your spell library contained the following spells:

 Spells                   Type           Power      Damage    Failure   Level
 Freezing Cloud           Conj/Ice/Air   20%        6-21      12%         5
 Foxfire                  Conj/Fire      100%       2x1d9     1%          1
 Magic Dart               Conj           100%       1d8       1%          1
 Passwall                 Tmut/Erth      45%        N/A       1%          2
 Searing Ray              Conj           100%       2d8       1%          2
 Fulminant Prism          Conj/Hex       25%        3d14      2%          4
 Apportation              Tloc           22%        N/A       5%          1
 Tukima's Dance           Hex            11%        N/A       16%         3
 Yara's Violent Unravell  Hex/Tmut       8%         3d5       24%         5
 Passage of Golubria      Tloc           11%        N/A       47%         4
 Alistair's Intoxication  Tmut/Pois      10%        N/A       69%         5
 Plasma Beam              Fire/Air       13%        2x1d27    50%         6


Dungeon Overview and Level Annotations

Branches:
Dungeon (13/15)            Temple (1/1) D:4            Lair (2/5) D:8
 Bailey (visited)
  Swamp: Lair:2-3    Shoals: Lair:2-3     Snake: Lair:2-3    Spider: Lair:2-3
    Orc: D:9-12      Vaults: D:13-14

Altars:
Ashenzari
Cheibriados
Dithmenos
Elyvilon
Fedhas
Gozag
Hepliaklqana
Kikubaaqudgha
Makhleb
Nemelex Xobeh
Okawaru
Qazlal
Ru
Sif Muna
Trog
Uskayaw
Vehumet
Wu Jian
Xom
Yredelemnul
Zin
The Shining One

Shops:
D:1 *   D:5 [   D:10 (!([

Portals:
Trove: D:11 (give 13 potions of heal wounds)


Innate Abilities, Weirdness & Mutations

You are immune to sickness and miasma.
Your stone body is resilient. (AC +8)
You are immune to poison.
You resist negative energy. (rN+)
You are resistant to electric shocks. (rElec)
You are resistant to unholy torment.
You are immune to petrification.


Message History

Vehumet accepts your kill.
The bolt of fire hits the death yak!!
You kill the death yak!
Vehumet accepts your kill.
You feel your power returning.
The bolt of fire hits the death yak!!
The death yak is severely wounded.
The death yak gores you!
* * * LOW HITPOINT WARNING * * *
Press: ? - help, v - describe, . - travel
Here: a death yak (severely wounded)
The floor.
Casting: Starburst (quite dangerous; 11% risk of failure)
Confirm with . or Enter, or press ? or * to list all spells.
Aiming: Stone Arrow (safe; 1% risk of failure)
Press: ? - help, Shift-Dir - straight line, f - death yak
Aim: a death yak (severely wounded, 92% to hit)
Okay, then.
Casting: Stone Arrow (safe; 1% risk of failure)
Confirm with . or Enter, or press ? or * to list all spells.
Aiming: Petrify (dangerous; 1% risk of failure)
Press: ? - help, Shift-Dir - straight line, f - death yak
Aim: a death yak (severely wounded, chance to affect: 12%)
Okay, then.
Casting: Petrify (dangerous; 1% risk of failure)
Confirm with . or Enter, or press ? or * to list all spells.
Aiming: Stone Arrow (safe; 1% risk of failure)
Press: ? - help, Shift-Dir - straight line, f - death yak
Aim: a death yak (severely wounded, 92% to hit)
You feel a surge of power!
The stone arrow hits the death yak!!
The death yak is almost dead.
The death yak closely misses you.
Casting: Stone Arrow (safe; 1% risk of failure)
Confirm with . or Enter, or press ? or * to list all spells.
Aiming: Stone Arrow (safe; 1% risk of failure)
Press: ? - help, Shift-Dir - straight line, f/p - death yak
Aim: a death yak (almost dead, 92% to hit)
You feel a surge of power!
The stone arrow hits the death yak.
The death yak is almost dead.
The death yak gores you!
You die...

#.#.##..........#
##.........#...##
##..........#..#
##..............##
##................# ###
#.............>..## ## #P#
##.................###.# ..#
##.......Y>............## ..###
#........@..............# ...P#
##............÷..........##
....###...>.....................#
....P#...........................
..................###............
#.††......##.....## ##..###......
#.†......#....##..# #.## #.##...
##......###...###..# ### #..###..
#.........###.# .## ######..


You could see a death yak.

Vanquished Creatures
  3 death yaks
  3 two-headed ogres
  2 cyclopes (D:11)
  An ugly thing (D:13)
  2 gargoyles
  Joseph (D:8)
  3 cane toads (Lair:1)
  An unseen horror (D:10)
  A kobold demonologist (D:11)
  A komodo dragon (D:8)
  8 blink frogs
  The ghost of fag the Conjurer, an amateur DECj (D:5)
  A shadow (D:6)
  A vampire (Bailey)
  2 basilisks (Lair:1)
  36 yaks
  3 steam dragons
  5 vampire mosquitoes (D:11)
  Menkaure (D:4)
  3 water moccasins
  An acid dragon (D:11)
  4 sky beasts
  A black bear (Lair:2)
  3 orc warriors
  An ice beast (D:3)
  5 wolves (Lair:1)
  5 centaurs
  An ogre (D:4)
  4 kobold brigands
  7 bullfrogs
  A gnoll sergeant (D:6)
  4 scorpions
  A wyvern skeleton (D:5)
  13 wights
  7 vampire bats (Bailey)
  An electric eel (Lair:1)
  A howler monkey (D:4)
  6 wolf zombies (Bailey)
  7 hounds
  3 jellies
  A bullfrog skeleton (D:5)
  2 sleepcaps
  Natasha (thrice) (D:2)
  An iguana (D:4)
  6 orc wizards
  7 hell rats (Lair:2)
  14 gnolls
  11 adders
  A shadow imp (D:8)
  A white imp (D:7)
  A worm (D:10)
  A dart slug (D:2)
  21 orcs
  7 ball pythons
  2 bats
  7 endoplasms
  8 giant cockroaches
  11 hobgoblins
  2 jackals (D:2)
  44 kobolds
  6 quokkas
  4 frilled lizards
  14 goblins
  25 orc zombies (Bailey)
  7 rats
362 creatures vanquished.

Notes
Turn   | Place    | Note
-------+----------+-------------------------------------------
     0 | D:1      | monsoonserge the Gargoyle Earth Elementalist began the
                  | quest for the Orb.
     0 | D:1      | Reached XP level 1. HP: 10/10 MP: 3/3
   198 | D:1      | Reached skill level 4 in Earth Magic
   198 | D:1      | Reached XP level 2. HP: 15/15 MP: 1/5
   567 | D:1      | Found a faded altar of an unknown god.
   584 | D:1      | Reached XP level 3. HP: 19/19 MP: 2/6
   679 | D:1      | Found Ubbungi's Assorted Antiques.
  1439 | D:2      | Learned a level 3 spell: Stone Arrow
  1585 | D:2      | Reached skill level 5 in Earth Magic
  1645 | D:2      | Reached XP level 4. HP: 24/24 MP: 3/7
  1647 | D:2      | Noticed Natasha
  1659 | D:2      | Killed Natasha
  1668 | D:2      | Noticed Natasha
  1675 | D:2      | Killed Natasha
  1676 | D:2      | Reached skill level 6 in Earth Magic
  1676 | D:2      | Reached XP level 5. HP: 14/28 MP: 0/8
  1828 | D:2      | Noticed Natasha
  1921 | D:2      | Killed Natasha
  2070 | D:3      | Reached skill level 1 in Conjurations
  2070 | D:3      | Reached skill level 7 in Earth Magic
  2070 | D:3      | Reached XP level 6. HP: 33/33 MP: 5/9
  2231 | D:3      | Found a radiant altar of Vehumet.
  2240 | D:3      | Became a worshipper of Vehumet
  2622 | D:3      | Noticed an ice beast
  2633 | D:3      | Killed an ice beast
  2634 | D:3      | Reached skill level 1 in Transmutations
  2836 | D:4      | Reached skill level 8 in Earth Magic
  2907 | D:4      | Found an ancient bone altar of Kikubaaqudgha.
  2916 | D:4      | Found a sparkling altar of Nemelex Xobeh.
  2947 | D:4      | Reached skill level 1 in Fighting
  2947 | D:4      | Reached XP level 7. HP: 38/38 MP: 4/10
  3235 | D:4      | Reached skill level 9 in Earth Magic
  3302 | D:4      | Noticed Menkaure
  3316 | D:5      | Entered Level 5 of the Dungeon
  3326 | D:5      | Learned a level 4 spell: Petrify
  3367 | D:5      | Found a hazy altar of Hepliaklqana.
  3371 | D:5      | Found a glowing golden altar of the Shining One.
  3461 | D:5      | Found a runed translucent gate.
  3462 | D:5      | Found a runed translucent gate.
  3462 | D:5      | Found a runed translucent gate.
  3465 | D:5      | Noticed fag's ghost (amateur DECj)
  3481 | D:5      | Found a bloodstained altar of Trog.
  3640 | D:6      | Reached XP level 8. HP: 6/43 MP: 0/11
  4099 | D:6      | Noticed a shadow
  4114 | D:6      | Killed a shadow
  4115 | D:6      | Reached skill level 10 in Earth Magic
  4318 | D:6      | Reached * piety under Vehumet
  4318 | D:6      | Offered knowledge of Kiss of Death by Vehumet.
  4769 | D:4      | Killed Menkaure
  4770 | D:4      | Reached skill level 11 in Earth Magic
  4837 | D:4      | Found a staircase to the Ecumenical Temple.
  4846 | Temple   | Entered the Ecumenical Temple
  5198 | D:4      | Found a shimmering blue altar of Sif Muna.
  5202 | D:4      | Reached XP level 9. HP: 46/48 MP: 10/13
  5467 | D:5      | Found Vegginus's Antique Armour Shop.
  5557 | D:5      | Reached skill level 1 in Armour
  5727 | D:5      | Reached skill level 1 in Maces & Flails
  5924 | D:5      | Reached ** piety under Vehumet
  5951 | D:5      | Offered knowledge of Momentum Strike by Vehumet.
  6179 | D:5      | Reached skill level 12 in Earth Magic
  6283 | D:5      | Offered knowledge of Hailstorm by Vehumet.
  7071 | D:7      | Found a white marble altar of Elyvilon.
  7456 | D:8      | Reached *** piety under Vehumet
  7457 | D:8      | Reached skill level 13 in Earth Magic
  7531 | D:8      | Reached skill level 5 in Conjurations
  7581 | D:8      | Found a broken altar of Ashenzari.
  7663 | D:8      | Reached XP level 10. HP: 48/54 MP: 11/14
  7675 | D:8      | Reached skill level 14 in Earth Magic
  7770 | D:8      | Offered knowledge of Sticky Flame by Vehumet.
  7776 | D:8      | Learned a level 4 spell: Sticky Flame
  7948 | D:8      | Found a staircase to the Lair.
  8016 | D:8      | Noticed Joseph
  8025 | D:8      | Killed Joseph
  8492 | D:5      | Killed fag's ghost
  8493 | D:5      | Reached skill level 1 in Fire Magic
  8587 | D:9      | Noticed a two-headed ogre
  8596 | D:9      | Killed a two-headed ogre
  8597 | D:9      | Reached skill level 15 in Earth Magic
  8753 | D:9      | Noticed a two-headed ogre
  8947 | D:9      | Killed a two-headed ogre
  8948 | D:9      | Reached XP level 11. HP: 55/59 MP: 12/17
  9077 | D:8      | Reached **** piety under Vehumet
  9179 | D:8      | Reached skill level 16 in Earth Magic
  9322 | D:8      | Offered knowledge of Arcjolt by Vehumet.
  9652 | D:10     | Entered Level 10 of the Dungeon
  9652 | D:10     | Found a blossoming altar of Fedhas.
  9657 | D:10     | Found Fubli's Weapon Shop.
  9666 | D:10     | Bought 4 atropa-tipped darts for 57 gold pieces
  9684 | D:10     | Found a snail-covered altar of Cheibriados.
  9717 | D:10     | Learned a level 5 spell: Fireball
  9758 | D:10     | Found a flagged portal.
  9798 | Bailey   | Entered a bailey
 10015 | Bailey   | Reached skill level 5 in Spellcasting
 10021 | Bailey   | Identified the +0 chain mail of a sewer {rC+ Slay+3 SInv}
 10188 | Bailey   | Reached ***** piety under Vehumet
 10679 | D:10     | Offered knowledge of Freezing Cloud by Vehumet.
 10813 | D:10     | Found Cuqead's Antique Weapon Boutique.
 10825 | D:10     | Found Guxzapt's Distillery.
 10830 | D:10     | Bought a potion of degeneration for 13 gold pieces
 10833 | D:10     | Bought a potion of lignification for 39 gold pieces
 11135 | D:10     | Reached skill level 1 in Evocations
 11152 | D:10     | Found Boijoicw's Antique Armour Shop.
 11160 | D:10     | Bought a glimmering scale mail for 189 gold pieces
 11160 | D:10     | Identified the +0 scale mail of Osajutoxzeo {Harm Int+3}
                  | (You bought it in a shop on level 10 of the Dungeon)
 11369 | D:11     | Noticed a two-headed ogre
 11375 | D:11     | Killed a two-headed ogre
 11718 | D:11     | Identified the +3 long sword "Goblinslayer" {antimagic,
                  | Stlth+}
 11971 | D:11     | Noticed a cyclops
 11977 | D:11     | Killed a cyclops
 11978 | D:11     | Reached XP level 12. HP: 59/64 MP: 10/22
 12373 | D:11     | Found a portal to a secret trove of treasure.
 12665 | D:12     | Reached skill level 5 in Fire Magic
 12668 | D:12     | Noticed an eight-headed hydra
 12897 | Lair:1   | Entered Level 1 of the Lair of Beasts
 12989 | Lair:1   | Noticed a death yak
 12990 | Lair:1   | Noticed a death yak
 13710 | Lair:1   | Noticed a death yak
 13740 | Lair:1   | Noticed a death yak
 13747 | Lair:2   | Killed a death yak
 13870 | Lair:2   | Learned a level 6 spell: Starburst
 13954 | Lair:1   | Killed a death yak
 13954 | Lair:1   | Killed a death yak
 13956 | Lair:1   | Slain by a death yak

Illustrated notes

Levels and vault maps discovered:
D:1:      kennysheep_arrival_seaside, layout_loops_ring,
          shapermc_ecumenical_altar_notcrosses, serial_shops, shop,
          minmay_worlds_worst_comb
D:2:      layout_basic, uniq_natasha
D:3:      layout_loops_ring, overflow_temple_1_default
D:4:      layout_basic, amethyst_overflow_temple_binary,
          kennysheep_orc_sif_temple, lemuel_temple_firewalk_b,
          dreamdust_gnoll_farm, uniq_menkaure
D:5:      minmay_goblin_kobold_castle, layout_basic, kennysheep_mini_moat,
          grunt_temple_overflow_open, serial_shops, shop,
          gammafunk_ghost_necromancy, serial_park_tiny_1
D:6:      layout_basic, feat_on_display
D:7:      layout_loops_ring, elyvilon_altar_4
D:8:      gammafunk_indiana_jones, layout_loops_ring,
          cheibrodos_ashenzari_chains, grunt_lair_entry_orc_guard_hut,
          hangedman_misty_isle, uniq_joseph
D:9:      layout_rooms, hangedman_glass_teeth
D:10:     layout_roguey, fedhas_altar_2, slow_altar_2, enter_bailey_3,
          serial_shops, nicolae_square_shop, shop, shop,
          nicolae_shop_statue_plus, hex_large, serial_bayou_pond_c
D:11:     layout_layer_cave, nicolae_trove_entry_free_sample
D:12:     layout_basic, orc_0_dummy
D:13:     layout_stronghold
Temple:   grunt_temple_mini_profane
Lair:1:   layout_hall_layers, serial_bayou_shore_a
Lair:2:   layout_misc_corridors, uniq_harold

Skill      XL: |  1  2  3  4  5  6  7  8  9 10 11 12 |
---------------+-------------------------------------+-----
Earth Magic    | 4 5 6 7 8 9 11 13 15 16 | 16.0
Stealth        | 3 |  3.3
Conjurations   | 1 2 4 5 7 8 |  8.9
Transmutations | 1 2 |  2.0
Fighting       | 1 2 3 |  3.8
Dodging        | 2 3 4 |  4.3
Spellcasting   | 3 4 7 8 |  8.6
Armour         | 3 |  3.1
Maces & Flails | 1 |  1.7
Fire Magic     | 2 4 6 |  6.1
Evocations     | 2 4 |  4.0
Short Blades   | |  0.5
Axes           | |  0.4
Throwing       | |  0.3

Action                     |  1- 3 |  4- 6 |  7- 9 | 10-12 || total
---------------------------+-------+-------+-------+-------++-------
  Melee: Unarmed           |     7 |       |       |       ||     7
         Short sword       |     5 |     8 |       |       ||    13
         Club              |     3 |       |       |       ||     3
         War axe           |       |     7 |       |       ||     7
         Dire flail        |       |       |    17 |     2 ||    19
         Staff             |       |       |       |    24 ||    24
  Throw: Boomerang         |       |       |     1 |       ||     1
         Dart              |       |       |       |     1 ||     1
   Cast: Sandblast         |    60 |    49 |   166 |   333 ||   608
         Stone Arrow       |       |     4 |    16 |    29 ||    49
         Sticky Flame      |       |       |       |     4 ||     4
         Fireball          |       |       |       |    13 ||    13
         Starburst         |       |       |       |     3 ||     3
    Use: Potion            |       |       |     1 |       ||     1
         Scroll            |       |       |     2 |     8 ||    10
   Stab: Sleeping          |       |       |       |     1 ||     1
 Armour: Robe              |    11 |     9 |     9 |       ||    29
         Ring mail         |       |       |    38 |       ||    38
         Steam dragon scal |       |       |     4 |   172 ||   176
  Dodge: Dodged            |    25 |    25 |    63 |   217 ||   330
